 Dungeon Sprint DCSS version 0.29.1-2-gbd0b4ee654 (webtiles) character file.

Game seed: 9414113882955678752

137 boopmooplesden the Spear-Bearer (level 5, -5/53 HPs)
             Began as a Minotaur Berserker on Nov 25, 2022.
             Was an Elder of Trog.
             Killed from afar by an orc wizard (9 damage)
             ... with a magic dart
             ... in the Dungeon (Sprint VII: "The Pits").
             The game lasted 00:00:33 (150 turns).

boopmooplesden the Spear-Bearer (Minotaur Berserker) Turns: 150, Time: 00:00:34

Health: -5/53      AC:  2    Str: 24    XL:     5   Next: 0%
Magic:  4/4        EV: 13    Int:  4    God:    Trog [****..]
Gold:   0          SH:  0    Dex:  9    Spells: 4/4 levels left

rFire   . . .      SeeInvis .   a - +0 spear
rCold   . . .      Faith    .   (no shield)
rNeg    . . .      Spirit   .   b - +0 animal skin
rPois   .          Reflect  .   (helmet restricted)
rElec   .          Harm     .   (no cloak)
rCorr   .          Rampage  .   (no gloves)
Will    .....      NoTele   +   (no boots)
Stlth   +.........              (no amulet)
HPRegen 0.17/turn               (no ring)
MPRegen 0.09/turn               (no ring)

@: on berserk cooldown, slowed, very slow
A: horns 2, retaliatory headbutt
a: Renounce Religion, Berserk, Trog's Hand, Brothers in Arms


You were in the Dungeon.
You worshipped Trog.
Trog was greatly pleased with you.
You visited 1 branch

Inventory:

Hand Weapons
 a - a +0 spear (weapon)
Armour
 b - a +0 animal skin (worn)
Scrolls
 h - a scroll of blinking
 j - a scroll of summoning
Potions
 c - a potion of curing
 d - a potion of heal wounds
 e - a potion of haste
 f - 4 potions of magic
 g - 3 potions of berserk rage
 i - 2 potions of invisibility


   Skills:
 + Level 8.1 Fighting
 + Level 8.3 Polearms
 + Level 4.3 Armour
 + Level 4.5 Dodging


You had 4 spell levels left.
You didn't know any spells.
Your spell library was empty.

Dungeon Overview and Level Annotations

Branches:
Dungeon (1/1)

Altars:
Cheibriados
Dithmenos
Elyvilon
Fedhas
Gozag
Hepliaklqana
Makhleb
Nemelex Xobeh
Okawaru
Qazlal
Ru
Sif Muna
Trog
Wu Jian
Xom
Yredelemnul
Zin
The Shining One
Jiyva


Innate Abilities, Weirdness & Mutations

You have a pair of horns on your head.
You reflexively headbutt those who attack you in melee.


Message History

You closely miss the orc wizard. Your headbutt misses the orc wizard.
The hobgoblin hits you but does no damage.
The orc wizard closely misses you. The hobgoblin hits you.
You miss the orc wizard. The hobgoblin misses you. The hobgoblin hits you.
The orc priest hits you with a +0 dagger.
The orc wizard completely misses you.
The orc wizard hits you with a +0 dagger.
The orc priest invokes the aid of Beogh against you.
Beogh smites you!
* * * LOW HITPOINT WARNING * * *
The hobgoblin barely misses you.
You closely miss the hobgoblin.
You feel less confused.
The hobgoblin barely misses you. x2; The orc wizard barely misses you.
You furiously retaliate!
You headbutt the orc wizard. You hit the hobgoblin.
You kill the hobgoblin!
Trog accepts your kill. The hobgoblin barely misses you.
You furiously retaliate!
You headbutt the hobgoblin, but do no damage.
The orc wizard closely misses you.
You hit the orc priest but do no damage.
You headbutt the orc priest!
You kill the orc priest!
Trog accepts your kill.
You can now call in reinforcements.
The hobgoblin misses you. The orc wizard completely misses you.
Your Fighting skill increases to level 8!
Your Polearms skill increases to level 8!
You have reached level 5!
You barely miss the orc wizard. You headbutt the orc wizard.
The orc wizard is moderately wounded.
The orc wizard barely misses you. The hobgoblin barely misses you.
You furiously retaliate!
You headbutt the hobgoblin. You puncture the orc wizard!
You headbutt the orc wizard.
The orc wizard is almost dead.
The hobgoblin hits you.
* * * LOW HITPOINT WARNING * * *
The orc wizard points at you and mumbles some strange words.
The magic dart hits you!
You die...

+#####'#####......#..#.
#..#))# #...........
#..†..# ####'#####+
#..#### #.......#
#..#..# #.......#
#).#..# #.......#
##)#..#+###...<...#
#...)o...##.......#
#...g@...##.......#
###########.......#
#########


You could see an orc wizard and a hobgoblin.

Vanquished Creatures
  A scorpion (D)
  2 orc priests (D)
  A gnoll (D)
  An adder zombie (D)
  An orc (D)
  A bat (D)
  A giant cockroach (D)
  A hobgoblin (D)
  A jackal skeleton (D)
  A kobold (D)
11 creatures vanquished.

Notes
Turn   | Place    | Note
-------+----------+-------------------------------------------
     0 | D        | boopmooplesden the Minotaur Berserker began the quest for
                  | the Orb.
     0 | D        | Reached XP level 1. HP: 19/19 MP: 0/0
     8 | D        | Noticed a scorpion
    14 | D        | Killed a scorpion
    15 | D        | Reached XP level 2. HP: 22/31 MP: 1/1
    15 | D        | Reached XP level 3. HP: 27/38 MP: 2/2
    43 | D        | Found a glowing golden altar of the Shining One.
    43 | D        | Found a glowing silver altar of Zin.
    43 | D        | Found a basalt altar of Yredelemnul.
    43 | D        | Found a shimmering altar of Xom.
    43 | D        | Found an ornate altar of the Wu Jian Council.
    43 | D        | Found a bloodstained altar of Trog.
    43 | D        | Found a shimmering blue altar of Sif Muna.
    43 | D        | Found a sacrificial altar of Ru.
    43 | D        | Found a stormy altar of Qazlal.
    43 | D        | Found an iron altar of Okawaru.
    43 | D        | Found a sparkling altar of Nemelex Xobeh.
    43 | D        | Found a burning altar of Makhleb.
    43 | D        | Found a viscous altar of Jiyva.
    43 | D        | Found a hazy altar of Hepliaklqana.
    43 | D        | Found an opulent altar of Gozag.
    43 | D        | Found a blossoming altar of Fedhas.
    43 | D        | Found a white marble altar of Elyvilon.
    43 | D        | Found a shadowy altar of Dithmenos.
    43 | D        | Found a snail-covered altar of Cheibriados.
   107 | D        | Reached ** piety under Trog
   113 | D        | Reached XP level 4. HP: 34/45 MP: 3/3
   133 | D        | Reached *** piety under Trog
   148 | D        | Reached **** piety under Trog
   149 | D        | Reached XP level 5. HP: 9/53 MP: 4/4
   150 | D        | Killed from afar by an orc wizard

Illustrated notes

Levels and vault maps discovered:
D:        pitsprint [storerooms_1, entrance_room_1, metal_vault_1, armoury_2,
          mini_pit_1, grid_room_1, main_hall_1, silver_pit, the_coven_3,
          the_vestibule_1, steel_vault_2, golden_pit, hallway_of_sentries,
          crystal_vault_4, iron_vault_4, final_vault]

Skill      XL: |  1  2  3  4 |
---------------+-------------+-----
Fighting       | 6 8 |  8.1
Polearms       | 6 8 |  8.3
Armour         | 3 4 |  4.3
Dodging        | 3 4 |  4.5

Action                   |  1- 3 |  4- 6 || total
-------------------------+-------+-------++-------
Melee: Spear             |    11 |    24 ||    35
       Headbutt          |     5 |     4 ||     9
Invok: Berserk           |       |     1 ||     1
Armor: Animal skin       |     2 |     3 ||     5
Dodge: Dodged            |     8 |    24 ||    32
